 Dungeon Crawl Stone Soup version 0.30-a0-587-gfd7c166f36 (webtiles) character file.

Game seed: 15323111010787892313

35 Conn the Firebug (level 3, -4/21 HPs)
             Began as an Octopode Fire Elementalist on Jan 4, 2023.
             Killed by divine providence
             ... invoked by an orc priest
              (12 damage)
             ... on level 2 of the Dungeon.
             The game lasted 00:02:05 (1191 turns).

Conn the Firebug (Octopode Fire Elementalist)       Turns: 1191, Time: 00:02:05

Health: -4/21      AC:  1    Str:  7    XL:     3   Next: 33%
Magic:  6/6        EV: 13    Int: 19    God:
Gold:   91         SH:  0    Dex: 12    Spells: 0/6 levels left

rFire   . . .      SeeInvis .    l - +2 dagger (pain)
rCold   . . .      Faith    .    (no shield)
rNeg    . . .      Spirit   .    (helmet restricted)
rPois   .          Reflect  .    (no amulet)
rElec   .          Harm     .    (no ring)
rCorr   .          Rampage  .    (no ring)
Will    .....                    (no ring)
Stlth   +++                      (no ring)
HPRegen 0.23/turn                (no ring)
MPRegen 0.10/turn                (no ring)
                                 (no ring)
                                 (no ring)

@: no status effects
A: almost no armour, amphibious, 8 rings, camouflage 1, gelatinous body 1,
(nimble swimmer 1), tentacles
a: no special abilities


You were on level 2 of the Dungeon.
You visited 1 branch of the dungeon, and saw 2 of its levels.

You collected 91 gold pieces.

Inventory:

Hand Weapons
 b - a +0 dagger
 l - a +2 dagger of pain (weapon)
Scrolls
 c - 5 scrolls of identify {unknown}
 d - 2 scrolls of fog {unknown}
 e - a scroll of amnesia {unknown}
 f - a scroll of poison {unknown}
 h - a scroll of summoning {unknown}
 j - 3 scrolls of brand weapon {unknown}
Potions
 a - a potion of magic
 g - a potion of curing {unknown}
 i - a potion of mutation {unknown}
 k - 2 potions of attraction {unknown}


   Skills:
 + Level 2.5 Dodging
 + Level 2.9 Stealth
 + Level 2.3 Spellcasting
 + Level 1.3 Conjurations
 + Level 3.4 Fire Magic


You couldn't memorise any spells.
You knew the following spells:

 Your Spells              Type           Power      Damage    Failure   Level
a - Foxfire               Conj/Fire      44%        2x1d6     6%          1
b - Kindle Blastsparks    Fire/Tloc/Air  12%        2d11      30%         3
e - Scorch                Fire           30%        2d7       6%          2

Your spell library contained the following spells:

 Spells                   Type           Power      Damage    Failure   Level
 Inner Flame              Hex/Fire       8%         N/A       24%         3
 Flame Wave               Conj/Fire      11%        2d6       52%         4


Dungeon Overview and Level Annotations

Branches:
Dungeon (2/15)

Altars:


Innate Abilities, Weirdness & Mutations

You cannot wear most types of armour.
You are amphibious.
You can wear up to eight rings at the same time.
Your skin changes colour to match your surroundings (Stealth+).
Your rubbery body absorbs attacks. (AC +1, EV +1)
((You are camouflaged when in or above water. (Stealth+)))
You have tentacles for arms and can constrict up to eight enemies at once.


Message History

Your foxfire dissipates!
Magic restored.
A kobold comes into view. It is wielding a +0 short sword.
You now have 72 gold pieces (gained 8).
Casting: Foxfire (safe; 6% risk of failure)
Confirm with . or Enter, or press ? or * to list all spells.
You conjure some foxfire!
Unknown command.
Casting: Foxfire (safe; 6% risk of failure)
Confirm with . or Enter, or press ? or * to list all spells.
You miscast Foxfire.
You are very lightly contaminated with residual magic.
Nothing appears to happen.
Unknown command.
Casting: Foxfire (safe; 6% risk of failure)
Confirm with . or Enter, or press ? or * to list all spells.
You conjure some foxfire!
Your foxfire dissipates! x2
Your foxfire dissipates! x2
Your magical contamination has completely faded away.
You now have 81 gold pieces (gained 9).
You now have 91 gold pieces (gained 10).
An orc priest comes into view. It is wielding a +0 flail.
The orc priest shouts!
The orc priest begins to cast a cantrip, but forgets the words!
An orc comes into view. It is wielding a +0 hand axe.
An orc wizard comes into view. It is wielding a +0 dagger.
An orc comes into view. It is wielding a +0 war axe.
The orc priest invokes the aid of Beogh against you.
Beogh smites you!
Ouch! That really hurt!
You hear a shout!
The orc shouts!
The orc wizard shouts!
The orc wizard casts a spell.
The orc wizard flickers and vanishes!
Deactivating autopickup; reactivate with Ctrl-A.
The orc priest invokes the aid of Beogh against you.
Beogh smites you!
Ouch! That really hurt!
You die...

##.#.##
#.......#
#.###.#
#....o{.#
##.#.##
#....o..#
#.#.#
#.......#
##.#.##
#....o..#
#.###.#
#.......#
##.#.##
#.......#
#.#.# #.#
##.#.## #@#
#.###.# #.#
##.#.## ###.#
#.#.#.####...#
#..........###
############


You could see an orc priest and an orc.

Vanquished Creatures
  3 dart slugs (D:1)
  2 bats
  5 endoplasms
  3 goblins (D:1)
  3 hobgoblins
  A quokka (D:1)
  3 ball pythons
  A frilled lizard (D:1)
  2 kobolds (D:1)
  3 rats (D:1)
26 creatures vanquished.

Vanquished Creatures (others)
  91 foxfires
91 creatures vanquished.

Grand Total: 117 creatures vanquished

Notes
Turn   | Place    | Note
-------+----------+-------------------------------------------
     0 | D:1      | Conn the Octopode Fire Elementalist began the quest for the
                  | Orb.
     0 | D:1      | Reached XP level 1. HP: 11/11 MP: 3/3
   192 | D:1      | Reached XP level 2. HP: 17/17 MP: 0/5
   617 | D:1      | Reached XP level 3. HP: 21/21 MP: 1/6
   620 | D:1      | Learned a level 2 spell: Scorch
   624 | D:1      | Learned a level 3 spell: Kindle Blastsparks
  1191 | D:2      | Killed from afar by an orc priest

Illustrated notes

Levels and vault maps discovered:
D:1:      tarquinn_simple_flora_water_e, layout_rooms
D:2:      layout_basic, roderic_roman_lattice, minmay_cut_off,
          uniq_crazy_yiuf_cottage

Action                   || total
-------------------------++-------
Melee: Unarmed           ||     2
       Constrict         ||     4
       Dagger            ||    15
       Tentacles         ||     1
 Cast: Foxfire           ||    50
Dodge: Dodged            ||     8

Table legend: (Time is in decaauts)
 A = Elapsed time spent in this place.
 B = Non-inter-level travel time spent in this place.
 C = Inter-level travel time spent in this place.
 D = Time resting spent in this place.
 E = Time spent auto-exploring this place.
 F = Levels seen in this place.
 G = Mean time per level.
                   A        B        C        D        E       F      G
               +--------+--------+--------+--------+--------+-----+--------+
         Total |   1189 |   1175 |     14 |      0 |    904 |   2 |  594.5 |
       Dungeon |   1189 |   1175 |     14 |      0 |    904 |   2 |  594.5 |
               +--------+--------+--------+--------+--------+-----+--------+

Top non-repeatable levels by time:
     D:1: 948 daAuts
     D:2: 241 daAuts
